 Dungeon Crawl Stone Soup version 0.30-a0-755-g0b50240ab4 (console) character file.

Game seed: 15386421107447735749

5497 Ignak the Fighter (level 10, -22/165 HPs)
             Began as an Ogre Hedge Wizard on Feb 9, 2023.
             Was a Priest of Okawaru.
             Annihilated by an orc warlord
             ... wielding a +7 broad axe
              (35 damage)
             ... in a bailey.
             The game lasted 00:34:10 (10435 turns).

Ignak the Fighter (Ogre Hedge Wizard)              Turns: 10435, Time: 00:34:11

Health: -22/165    AC:  6    Str: 20    XL:     10   Next: 69%
Magic:  6/20       EV: 10    Int: 15    God:    Okawaru [***...]
Gold:   179        SH:  0    Dex:  8    Spells: 9/22 levels left

rFire   . . .      SeeInvis .    A - +6 broad axe (vamp)
rCold   . . .      Faith    .    (no shield)
rNeg    + . .      Spirit   .    u - +0 robe
rPois   .          Reflect  .    c - +0 hat
rElec   .          Harm     .    x - +2 cloak {rCorr}
rCorr   +          Rampage  .    (gloves unavailable)
Will    +....                    (boots unavailable) Stlth
                                 (no amulet)
HPRegen 0.47/turn                n - ring of positive energy
MPRegen 0.17/turn                (no ring)

@: mighty, berserking (expiring), very slightly contaminated, very quick
A: large, unfitting armour, tough skin 1
a: Renounce Religion, Heroism


You were in a bailey.
You worshipped Okawaru.
Okawaru was most pleased with you.
You visited 2 branches of the dungeon, and saw 9 of its levels.
You also visited: Bailey.

You collected 382 gold pieces.
You spent 203 gold pieces at shops.

Inventory:

Hand Weapons
 a - a +2 battleaxe
 A - a +6 vampiric broad axe (weapon)
Missiles
 f - 18 poisoned darts (quivered)
Armour
 c - a +0 hat (worn)
 u - a +0 robe (worn)
 x - a +2 cloak of preservation (worn)
Jewellery
 n - a ring of positive energy (left hand)
Wands
 i - a wand of quicksilver (5)
 r - a wand of flame (23)
Scrolls
 g - 4 scrolls of enchant armour
 h - a scroll of fog {unknown}
 j - 3 scrolls of teleportation
 l - a scroll of fear
 o - a scroll of magic mapping {unknown}
Potions
 b - 2 potions of heal wounds
 d - 3 potions of magic
 m - a potion of lignification
 p - a potion of resistance
 s - a potion of mutation
 w - 3 potions of haste {unknown}
 z - a potion of ambrosia


   Skills:
 * Level 10.1 Fighting
 * Level 5.2(6.2) Axes
 - Level 4.6(5.6) Maces & Flails
 - Level 4.0 Armour
 + Level 5.2 Dodging
 - Level 1.4 Stealth
 + Level 6.9 Spellcasting
 - Level 2.0 Conjurations
 - Level 0.8 Summonings
 + Level 3.0 Necromancy
 - Level 3.0 Translocations
 - Level 2.0 Air Magic
 - Level 2.0 Poison Magic


You had 9 spell levels left.
You knew the following spells:

 Your Spells              Type           Power      Damage    Failure   Level
a - Magic Dart            Conj           44%        1d5       6%          1
b - Blink                 Tloc           28%        N/A       6%          2
c - Vampiric Draining     Necr           14%        2d7       12%         3
d - Mephitic Cloud        Conj/Pois/Air  11%        N/A       19%         3
e - Call Imp              Summ           7%         N/A       14%         2
t - Passwall              Tmut/Erth      4%         N/A       21%         2

Your spell library contained the following spells:

 Spells                   Type           Power      Damage    Failure   Level
 Necrotise                Necr           56%        1d6       3%          1
 Cigotuvi's Dreadful Rot  Necr/Pois/Air  24%        N/A       8%          2
 Sandblast                Erth           10%        2d5       14%         1
 Slow                     Hex            20%        N/A       14%         1
 Stone Arrow              Conj/Erth      16%        3d8       26%         3
 Agony                    Necr           14%        N/A       71%         5


Dungeon Overview and Level Annotations

Branches:
Dungeon (8/15)             Temple (1/1) D:4            Lair (0/5) D:8
 Bailey (1/1)

Altars:
Ashenzari
Cheibriados
Dithmenos
Elyvilon
Fedhas
Hepliaklqana
Nemelex Xobeh
Okawaru
Qazlal
Sif Muna
Uskayaw
Vehumet
Wu Jian
Xom
Yredelemnul
Zin

Shops:
D:4 (   D:6 (   D:7 (


Innate Abilities, Weirdness & Mutations

You are too large for most types of armour.
You have tough skin. (AC +1)


Message History

You feel very mighty all of a sudden.
A red film seems to cover your vision as you go berserk!
You feel yourself moving faster!
You feel mighty!
You feel a strong urge to attack something.
The orc warlord hits you with a +7 broad axe!
You catch the helpless orc warlord completely off-guard!
You hit the orc warlord.
You feel better.
The orc warlord is lightly wounded.
You slash the orc warlord!
You feel better.
The orc warlord is lightly wounded.
The orc warlord cries.
The orc warlord barely misses you.
You hit the orc warlord.
You feel better.
The orc warlord is lightly wounded.
The orc warlord seems less confused.
The orc warlord hits you with a +7 broad axe!!
You slash the orc warlord!
The orc warlord is moderately wounded.
You hit the orc warlord.
You feel better.
The orc warlord is moderately wounded.
The orc warlord hits you with a +7 broad axe!!
You slash the orc warlord!
The orc warlord is moderately wounded.
The orc warlord hits you with a +7 broad axe!!
* * * LOW HITPOINT WARNING * * *
You slice the orc warlord!!
You feel better.
Your punch misses the orc warlord.
The orc warlord is heavily wounded.
The orc warlord hits you with a +7 broad axe!!
* * * LOW HITPOINT WARNING * * *
You slash the orc warlord!
You feel better.
The orc warlord is severely wounded.
You barely miss the orc warlord.
The orc warlord is severely wounded.
You feel like a meek peon again.
The orc warlord hits you with a +7 broad axe!!
* * * LOW HITPOINT WARNING * * *
You slash the orc warlord!
You feel better.
The orc warlord is severely wounded.
The orc warlord hits you with a +7 broad axe!!
You die...

#..........#~~~~)#..........#
#..8..8....'.....').........#
#........#########......8...#
##......##~~~#~~~####......##
.##.....#~|.....~#~~#.....##
..##....#~!........~#....##
...#(...##8.8...8.8~##...#
...'.....#.........~~'...#
...'.....#....∩.@o.~~'...#
.([[.....#.........~~'...#
..(#....##8.8...8.8~##...#
..##....#~?........~#....##
.##.....#~".....~#~~#)....##
##......##~~~#~~~####......##
#........#########..[...8...#
#..8..8....'.....'..(.......#
#..........#~~~~~#.(........#


You could see an orc warlord.

Vanquished Creatures
  2 kobold demonologists (D:7)
  Grinder (D:4)
  A polar bear (D:7)
  Sigmund (D:4)
  3 yaks (D:8)
  The ghost of Rrauwl the Shield-Bearer, an amateur OpFi of Hepliaklqana (D:3)
  2 ice beasts
  4 orc warriors
  2 sky beasts
  3 ogres
  3 centaurs
  6 necrophages
  3 bullfrogs
  7 scorpions
  A water moccasin zombie (D:5)
  10 wights (D:7)
  A killer bee (D:5)
  An electric eel (D:8)
  A bullfrog zombie (D:3)
  An orc priest (D:6)
  3 hounds
  2 gnoll boudas
  2 jellies
  A centaur skeleton (D:3)
  Crazy Yiuf (D:6)
  2 iguanas
  A scorpion zombie (D:5)
  2 killer bee zombies (D:3)
  Robin (D:5)
  15 gnolls
  8 adders
  A shadow imp (D:5)
  7 white imps
  2 dart slugs
  11 orcs
  5 endoplasms
  6 giant cockroaches
  12 goblins
  11 hobgoblins
  5 jackals
  3 quokkas
  6 ball pythons
  5 bats
  3 frilled lizards (D:2)
  14 kobolds
  4 rats
  A butterfly (D:4)
188 creatures vanquished.

Vanquished Creatures (collateral kills)
  2 scorpions (D:5)
  Ijyb (D:3)
  3 gnolls (D:3)
  2 dart slugs (D:1)
  2 orcs (D:4)
  An endoplasm (D:2)
  A giant cockroach (D:5)
  5 hobgoblins
  A jackal (D:3)
  A kobold (D:1)
  2 quokkas (D:3)
  A ball python (D:1)
  A bat (D:1)
  A rat (D:1)
24 creatures vanquished.

Vanquished Creatures (others)
  A bush (D:5)
  13 plants
14 creatures vanquished.

Grand Total: 226 creatures vanquished

Notes
Turn   | Place    | Note
-------+----------+-------------------------------------------
     0 | D:1      | Ignak the Ogre Hedge Wizard began the quest for the Orb.
     0 | D:1      | Reached XP level 1. HP: 16/16 MP: 5/5
   168 | D:1      | Reached skill level 1 in Conjurations
   168 | D:1      | Reached skill level 1 in Translocations
   253 | D:1      | Reached XP level 2. HP: 26/26 MP: 0/6
   256 | D:1      | Learned a level 2 spell: Blink
   259 | D:1      | Learned a level 2 spell: Call Imp
   313 | D:1      | Reached skill level 1 in Fighting
   626 | D:1      | Reached XP level 3. HP: 33/33 MP: 2/8
   860 | D:1      | Found a faded altar of an unknown god.
  1757 | D:2      | Reached skill level 2 in Fighting
  1757 | D:2      | Reached XP level 4. HP: 41/42 MP: 6/9
  2203 | D:3      | Reached skill level 1 in Axes
  2363 | D:3      | Found a runed translucent gate.
  2364 | D:3      | Found a runed translucent gate.
  2365 | D:3      | Found a runed translucent gate.
  2375 | D:3      | Reached skill level 1 in Armour
  2393 | D:3      | Noticed Ijyb
  2410 | D:3      | Killed Ijyb
  2411 | D:3      | Reached XP level 5. HP: 11/50 MP: 6/10
  2420 | D:3      | Reached skill level 1 in Air Magic
  2497 | D:3      | Reached skill level 1 in Poison Magic
  2795 | D:3      | Found a sparkling altar of Nemelex Xobeh.
  3033 | D:3      | Noticed Rrauwl's ghost (amateur OpFi)
  3042 | D:3      | Learned a level 3 spell: Mephitic Cloud
  3267 | D:4      | Noticed Sigmund
  3277 | D:4      | Killed Sigmund
  3278 | D:4      | Reached skill level 3 in Fighting
  3278 | D:4      | Reached skill level 1 in Maces & Flails
  3278 | D:4      | Reached XP level 6. HP: 51/61 MP: 5/12
  3342 | D:4      | Noticed Grinder
  3801 | D:4      | Paralysed by Grinder for 2 turns
  3804 | D:4      | Killed Grinder
  3805 | D:4      | Reached skill level 4 in Fighting
  3805 | D:4      | Reached XP level 7. HP: 39/70 MP: 13/13
  3940 | D:4      | Found a glowing silver altar of Zin.
  4189 | D:4      | Found Helarrei's Weapon Shop.
  4354 | D:4      | Found a staircase to the Ecumenical Temple.
  4563 | D:5      | Entered Level 5 of the Dungeon
  4592 | D:5      | Learned a level 2 spell: Passwall
  4901 | Temple   | Entered the Ecumenical Temple
  4914 | Temple   | Became a worshipper of Warmaster Okawaru
  5002 | D:5      | Noticed Robin
  5146 | D:5      | Killed Robin
  5154 | D:5      | Reached skill level 5 in Fighting
  5154 | D:5      | Reached XP level 8. HP: 26/80 MP: 10/15
  5612 | D:5      | Found a runed translucent door.
  5615 | D:5      | Found a runed translucent door.
  5757 | D:5      | Found a blossoming altar of Fedhas.
  5798 | D:5      | Found a white marble altar of Elyvilon.
  5997 | D:5      | Reached skill level 5 in Spellcasting
  6011 | D:5      | Reached skill level 6 in Fighting
  6036 | D:5      | Reached * piety under Okawaru
  6172 | D:6      | Found a shadowy altar of Dithmenos.
  6189 | D:6      | HP: 3/83 [centaur/arrow (5)]
  6589 | D:6      | Reached XP level 9. HP: 44/92 MP: 7/17
  6772 | D:6      | Found a runed translucent door.
  6773 | D:6      | Noticed Crazy Yiuf
  6782 | D:6      | Killed Crazy Yiuf
  6928 | D:6      | Reached skill level 7 in Fighting
  7350 | D:6      | Reached ** piety under Okawaru
  7448 | D:6      | Found Nueczuv's Antique Weapon Emporium.
  7459 | D:6      | Bought a glowing broad axe for 203 gold pieces
  7516 | D:6      | Learned a level 3 spell: Vampiric Draining
  7681 | D:3      | Killed Rrauwl's ghost
  7877 | D:5      | Reached skill level 1 in Necromancy
  7882 | D:5      | Reached skill level 8 in Fighting
  8162 | D:7      | Found Otitun's Antique Weapon Boutique.
  8194 | D:7      | Found a hazy altar of Hepliaklqana.
  8209 | D:7      | Found a transporter.
  8216 | D:7      | Noticed a kobold demonologist
  8217 | D:7      | Noticed a kobold demonologist
  8373 | D:7      | Reached *** piety under Okawaru
  8508 | D:7      | Found a shimmering blue altar of Sif Muna.
  8636 | D:7      | Reached XP level 10. HP: 86/106 MP: 19/19
  8994 | D:7      | Received a gift from Okawaru
  9043 | D:7      | Found a transporter.
  9165 | D:7      | Reached skill level 9 in Fighting
  9294 | D:7      | Killed a kobold demonologist
  9296 | D:7      | Killed a kobold demonologist
  9517 | D:8      | Found a staircase to the Lair.
  9674 | D:8      | Reached skill level 5 in Dodging
  9776 | D:8      | Reached **** piety under Okawaru
  9918 | D:8      | Reached skill level 5 in Axes
  9919 | D:8      | Found a flagged portal.
  9923 | D:8      | Reached skill level 10 in Fighting
  9937 | Bailey   | Entered a bailey
  9997 | Bailey   | Noticed an orc warlord
 10082 | Bailey   | Found a runed translucent gate.
 10084 | Bailey   | Found a runed translucent gate.
 10086 | Bailey   | Found a runed translucent gate.
 10435 | Bailey   | Annihilated by an orc warlord

Illustrated notes

Levels and vault maps discovered:
D:1:      spicycebolla_arrival_risky_transporter, layout_basic,
          hellmonk_ecumenical_altar_zigzags, serial_glass, glass_columns_a,
          glass_columns_b, glass_columns_a, glass_columns_a, glass_columns_b,
          glass_columns_b, glass_columns_a, glass_columns_c, glass_columns_b,
          glass_columns_c
D:2:      layout_loops_ring, serial_bayou, serial_bayou_lagoon_b,
          serial_bayou_shore_b, serial_bayou_pond_b, serial_bayou_pond_d
D:3:      layout_basic, nemelex_diamond_rough_becter,
          gammafunk_ghost_necromancy, nicolae_titane, uniq_ijyb
D:4:      layout_rooms, mainiacjoe_overflow_small_starburst,
          minmay_temple_entry_butterflies, serial_shops, nicolae_shop_trees,
          uniq_sigmund, uniq_grinder
D:5:      lemuel_insect_pit, layout_cave_pools, fedhas_altar_decomposition,
          mainiacjoe_overflow_tiny_flanked, nicolae_goblin_pals
D:6:      layout_basic, nicolae_dithmenos_shadow_blocks, serial_shops,
          shop_fountains, uniq_crazy_yiuf_cottage
D:7:      gammafunk_wand_slinger, layout_basic, led_sif_pool, lemuel_tele_altar,
          serial_shops, nicolae_stop_n_shop_1
D:8:      layout_cave_pods, mainiacjoe_overflow_24_doors, dpeg_oklobed_lair,
          enter_bailey_5, serial_ice, serial_ice_f, serial_ice_k, serial_ice_a,
          serial_ice_g, serial_ice_m, serial_ice_b
Temple:   zaba_magenta_temple
Bailey:   bailey_axe_bossmonster_kennysheep, bailey

Skill      XL: |  1  2  3  4  5  6  7  8  9 10 |
---------------+-------------------------------+-----
Conjurations   | 1 2 |  2.0
Translocations | 1 2 3 |  3.0
Fighting       | 1 2 3 4 5 6 8 10 | 10.1
Dodging        | 2 3 4 5 |  5.2
Axes           | 1 3 5 |  5.2
Armour         | 1 2 3 4 |  4.0
Air Magic      | 1 2 |  2.0
Spellcasting   | 4 5 6 |  6.9
Poison Magic   | 1 2 |  2.0
Maces & Flails | 1 2 4 |  4.6
Necromancy     | 1 3 |  3.0
Stealth        | |  1.4
Summonings     | |  0.8

Action                     |  1- 3 |  4- 6 |  7- 9 | 10-12 || total
---------------------------+-------+-------+-------+-------++-------
  Melee: Dagger            |    34 |    56 |       |       ||    90
         Club              |   100 |       |       |       ||   100
         Punch             |     3 |     2 |     8 |     1 ||    14
         Flail             |       |    34 |   192 |       ||   226
         Whip              |       |       |    80 |       ||    80
         Broad axe         |       |       |    92 |   119 ||   211
  Throw: Dart              |       |     7 |     5 |       ||    12
   Cast: Magic Dart        |    19 |     4 |       |       ||    23
         Call Imp          |    15 |    15 |     8 |       ||    38
         Mephitic Cloud    |       |     1 |    24 |     6 ||    31
         Blink             |       |       |     4 |    18 ||    22
         Vampiric Draining |       |       |     2 |       ||     2
 Invoke: Heroism           |       |       |       |     2 ||     2
  Evoke: Wand              |       |     1 |       |       ||     1
    Use: Scroll            |       |     3 |     3 |     6 ||    12
         Potion            |       |     2 |     3 |     2 ||     7
   Stab: Sleeping          |       |     1 |     1 |       ||     2
         Confused          |       |       |     7 |     2 ||     9
         Distracted        |       |       |     1 |       ||     1
 Armour: Robe              |    60 |    18 |   148 |    41 ||   267
  Dodge: Dodged            |    79 |    41 |   210 |    75 ||   405

Table legend: (Time is in decaauts)
 A = Elapsed time spent in this place.
 B = Non-inter-level travel time spent in this place.
 C = Inter-level travel time spent in this place.
 D = Time resting spent in this place.
 E = Time spent auto-exploring this place.
 F = Levels seen in this place.
 G = Mean time per level.
                   A        B        C        D        E       F      G
               +--------+--------+--------+--------+--------+-----+--------+
         Total |  10603 |  10305 |    298 |   2666 |   3984 |  10 | 1060.3 |
       Dungeon |  10070 |   9772 |    298 |   2592 |   3979 |   8 | 1258.8 |
        Temple |     26 |     26 |      0 |      0 |      5 |   1 |   26.0 |
        Bailey |    506 |    506 |      0 |     74 |      0 |   1 |  506.0 |
               +--------+--------+--------+--------+--------+-----+--------+

Top non-repeatable levels by time:
     D:5: 1809 daAuts
     D:3: 1621 daAuts
     D:4: 1618 daAuts
     D:7: 1572 daAuts
     D:1: 1274 daAuts
     D:6: 1026 daAuts
     D:2: 904 daAuts
  Bailey: 506 daAuts
     D:8: 243 daAuts
  Temple: 26 daAuts
